 Dungeon Crawl Stone Soup version 0.23.2-33-g5129a83184 (webtiles) character file.

Game seed: 76783826781117090

2968 H0rd4k the Thaumaturge (level 9, 0/45 HPs)
             Began as a Deep Elf Wizard on July 12, 2019.
             Was a Follower of Sif Muna.
             Slain by a centaur (9 damage)
             ... on level 7 of the Dungeon.
             The game lasted 00:20:47 (8600 turns).

H0rd4k the Thaumaturge (Deep Elf Wizard)            Turns: 8600, Time: 00:20:48

Health: 0/45       AC:  3    Str:  4    XL:     9   Next: 52%
Magic:  20/27      EV: 14    Int: 27    God:    Sif Muna [*.....]
Gold:   256        SH:  0    Dex: 13    Spells: 26/32 levels left

rFire    + . .     SeeInvis .   x - staff of fire
rCold    . . .     Gourm    .   (no shield)
rNeg     + . .     Faith    .   a - +0 robe
rPois    .         Spirit   .   h - +1 hat
rElec    .         Reflect  .   (no cloak)
rCorr    .         Harm     .   (no gloves)
MR       .....                  (no boots)
Stlth    +++.......             (no amulet)
HPRegen  0.15/turn              n - ring of positive energy
MPRegen  0.20/turn              p - ring of flight

@: no status effects
A: subdued magic 1, MP-powered wands
a: Divine Energy, Renounce Religion, Evoke Flight


You were on level 7 of the Dungeon.
You worshipped Sif Muna.
Sif Muna was aware of your devotion.
You were hungry.

You visited 2 branches of the dungeon, and saw 8 of its levels.

You collected 256 gold pieces.

Inventory:

Hand Weapons
 b - a +0 blowgun
 g - a +5 rapier
Armour
 a - a +0 robe (worn)
 h - a +1 hat (worn)
Magical Staves
 x - an uncursed staff of fire (weapon)
Jewellery
 n - a ring of positive energy (left hand)
 p - a ring of flight (right hand)
Wands
 r - a wand of random effects (19)
Scrolls
 c - a scroll of enchant armour
 e - 3 scrolls of identify
 j - 5 scrolls of teleportation
 k - 2 scrolls of fog
 t - a scroll of blinking
 u - a scroll of noise
 w - a scroll of silence
Potions
 f - a potion of magic {unknown}
 i - a potion of mutation
 l - a potion of curing
 o - 2 potions of brilliance
 q - 2 potions of lignification
Comestibles
 d - 8 rations


   Skills:
 + Level 4.1 Dodging
 + Level 4.9 Stealth
 + Level 12.3 Spellcasting
 + Level 8.8 Conjurations
   Level 1.1 Summonings
 + Level 2.5 Translocations
 + Level 2.3 Fire Magic


You had 26 spell levels left.
You knew the following spells:

 Your Spells              Type           Power        Failure   Level  Hunger
a - Magic Dart            Conj           ####         1%          1    None
b - Blink                 Tloc           N/A          1%          2    None
c - Conjure Flame         Conj/Fire      ######..     1%          3    None

Your spell library contained the following spells:

 Spells                   Type           Power        Failure   Level  Hunger
 Call Imp                 Summ           ###.....     2%          2    None
 Mephitic Cloud           Conj/Pois/Air  ###.....     2%          3    None
 Slow                     Hex            ##......     4%          2    None


Dungeon Overview and Level Annotations

Branches:
Dungeon (7/15)             Temple (1/1) D:5

Altars:
Ashenzari
Cheibriados
Dithmenos
Elyvilon
Fedhas
Gozag
Hepliaklqana
Kikubaaqudgha
Makhleb
Nemelex Xobeh
Okawaru
Qazlal
Ru
Sif Muna
Trog
Uskayaw
Vehumet
Wu Jian
Xom
Yredelemnul
Zin
The Shining One

Annotations:
D:1 exclusion: downstairs
D:3 1 runed translucent door, Crazy Yiuf
D:5 exclusions: downstairs and ice beast
D:6 exclusion: downstairs
D:7 exclusion: centaur


Innate Abilities, Weirdness & Mutations

Your spells are a little easier to cast, but a little less powerful.
You expend magic power (3 MP) to strengthen your wands.


Message History

Casting: Magic Dart (safe; 1% risk of failure)
Confirm with . or Enter, or press ? or * to list all spells.
Aiming: Magic Dart (safe; 1% risk of failure)
Press: ? - help, Shift-Dir - straight line, f/p - centaur
Aim: a centaur (moderately wounded)
The magic dart hits the centaur.
The centaur is heavily wounded.
The centaur hits you!
* * * LOW HITPOINT WARNING * * *
Casting: Magic Dart (safe; 1% risk of failure)
Confirm with . or Enter, or press ? or * to list all spells.
Aiming: Magic Dart (safe; 1% risk of failure)
Press: ? - help, Shift-Dir - straight line, f/p - centaur
Aim: a centaur (heavily wounded)
The magic dart hits the centaur.
The centaur is heavily wounded.
The centaur hits you.
* * * LOW HITPOINT WARNING * * *
The centaur hits you!
You die...

###.###
#.##...###.....###
####...#
#.##.......###....
#....###
#.##..#########...
####.####
#.#..##.........##
......#
#.(.....##########
......###########..#####
........>))))).((......#
......#######).[(......#
......# #...@.[....#
......# #....c.....#
......# #..........#
####### #..........#
#..........#
#..........#
...........#
#############


You could see a centaur.

Vanquished Creatures
  2 hippogriffs (D:7)
  Sigmund (D:3)
  Eustachio (D:6)
  A water moccasin (D:7)
  A sky beast (D:6)
  Duvessa (D:7)
  An orc warrior (D:7)
  3 ice beasts (D:5)
  3 ogres
  A centaur (D:3)
  A bullfrog (D:6)
  Dowan (D:7)
  3 killer bees (D:7)
  4 howler monkeys
  A crimson imp (D:5)
  A quasit (D:5)
  5 hounds
  2 orc wizards
  2 orc priests (D:7)
  A jelly (D:6)
  Jessica (D:3)
  An iguana (D:6)
  5 worker ants
  A hound skeleton (D:4)
  A howler monkey zombie (D:5)
  Robin (D:3)
  12 adders
  11 gnolls
  2 shadow imps (D:6)
  An adder skeleton (D:5)
  2 worms (D:5)
  6 leopard geckos
  23 orcs
  2 ball pythons
  12 bats
  7 giant cockroaches
  14 goblins
  9 hobgoblins
  3 jackals (D:2)
  7 kobolds
  3 quokkas
  7 frilled lizards
  A leopard gecko zombie (D:6)
  12 rats
180 creatures vanquished.

Notes
Turn   | Place    | Note
-------+----------+-------------------------------------------
     0 | D:1      | H0rd4k the Deep Elf Wizard began the quest for the Orb.
     0 | D:1      | Reached XP level 1. HP: 10/10 MP: 7/7
   160 | D:1      | Reached skill level 5 in Spellcasting
   176 | D:1      | Reached XP level 2. HP: 15/15 MP: 5/10
   918 | D:1      | Learned a level 2 spell: Blink
   957 | D:2      | Reached XP level 3. HP: 19/19 MP: 8/11
   962 | D:2      | Learned a level 3 spell: Conjure Flame
  1022 | D:2      | Found a glowing golden altar of the Shining One.
  1234 | D:2      | Reached XP level 4. HP: 24/24 MP: 2/13
  1326 | D:1      | Reached skill level 1 in Fire Magic
  1524 | D:1      | Reached skill level 6 in Spellcasting
  1998 | D:2      | Found an ancient bone altar of Kikubaaqudgha.
  2123 | D:2      | Reached XP level 5. HP: 28/28 MP: 6/15
  2152 | D:2      | Found a sparkling altar of Nemelex Xobeh.
  2177 | D:2      | Found a hazy altar of Hepliaklqana.
  2350 | D:3      | Noticed Sigmund
  2459 | D:4      | Noticed an ogre
  2469 | D:4      | Killed an ogre
  2469 | D:4      | Reached XP level 6. HP: 32/32 MP: 6/17
  2901 | D:4      | Reached skill level 7 in Spellcasting
  3960 | D:5      | Entered Level 5 of the Dungeon
  4094 | D:5      | Reached skill level 8 in Spellcasting
  4094 | D:5      | Reached XP level 7. HP: 36/36 MP: 16/20
  4631 | D:5      | Reached skill level 5 in Conjurations
  4762 | D:5      | Found a staircase to the Ecumenical Temple.
  4785 | Temple   | Entered the Ecumenical Temple
  4992 | D:5      | Reached skill level 9 in Spellcasting
  5673 | D:3      | Noticed Jessica
  5675 | D:3      | Killed Jessica
  5690 | D:3      | Reached XP level 8. HP: 37/41 MP: 14/23
  5823 | D:3      | Gained mutation: Your spells are a little easier to cast,
                  | but a little less powerful. [potion of mutation]
  5823 | D:3      | Gained mutation: You expend magic power (3 MP) to
                  | strengthen your wands. [potion of mutation]
  6149 | D:3      | Found an opulent altar of Gozag.
  6197 | D:3      | Killed Sigmund
  6316 | D:3      | Noticed Robin
  6340 | D:3      | Killed Robin
  6547 | D:3      | Found a runed translucent door.
  6548 | D:3      | Noticed Crazy Yiuf
  6799 | D:6      | Noticed Eustachio
  7007 | D:6      | Reached skill level 10 in Spellcasting
  7286 | D:6      | Killed Eustachio
  7650 | D:6      | Found a deep blue altar of Sif Muna.
  7657 | D:6      | Became a worshipper of Sif Muna the Loreminder
  7686 | D:7      | Noticed Duvessa
  7686 | D:7      | Noticed Dowan
  7822 | D:7      | Noticed a hippogriff
  7839 | D:7      | Killed a hippogriff
  7839 | D:7      | Reached skill level 11 in Spellcasting
  7839 | D:7      | Reached XP level 9. HP: 31/45 MP: 17/26
  8203 | D:7      | Killed Dowan
  8210 | D:7      | Reached * piety under Sif Muna
  8217 | D:7      | Reached skill level 12 in Spellcasting
  8265 | D:7      | Killed Duvessa
  8600 | D:7      | Slain by a centaur

Skill      XL: |  1  2  3  4  5  6  7  8  9 |
---------------+----------------------------+-----
Spellcasting   | 5 6 8 9 11 12 | 12.3
Dodging        | 3 4 |  4.1
Fire Magic     | 1 2 |  2.3
Conjurations   | 2 3 4 5 7 8 |  8.8
Stealth        | 4 |  4.9
Translocations | 2 |  2.5
Summonings     | |  1.1

Action                   |  1- 3 |  4- 6 |  7- 9 || total
-------------------------+-------+-------+-------++-------
Melee: Unarmed           |     1 |       |       ||     1
 Cast: Magic Dart        |    97 |   168 |   407 ||   672
       Blink             |     2 |     4 |     6 ||    12
       Conjure Flame     |     2 |     8 |    17 ||    27
  Use: Scroll            |     3 |       |     8 ||    11
       Potion            |     1 |       |     7 ||     8
  Eat: Chunk             |       |     9 |    10 ||    19
       Ration            |       |       |     1 ||     1
Armor: Robe              |    25 |    14 |    10 ||    49
Dodge: Dodged            |    70 |    25 |    42 ||   137
